 Dungeon Crawl Stone Soup version 0.30-a0-1043-g60ff8d5f49 (webtiles) character file.

Game seed: 287149758947488749

128 Newt the Trooper (level 4, -2/37 HPs)
             Began as a Demonspawn Gladiator on Apr 10, 2023.
             Slain by an orc wizard
             ... wielding a +0 dagger
              (3 damage)
             ... on level 3 of the Dungeon.
             The game lasted 00:03:49 (2270 turns).

Newt the Trooper (Demonspawn Gladiator)             Turns: 2270, Time: 00:03:49

Health: -2/37      AC:  3    Str: 16    XL:     4   Next: 87%
Magic:  4/4        EV: 12    Int:  9    God:
Gold:   174        SH:  0    Dex: 15    Spells: 3/3 levels left

rFire   . . .      SeeInvis .    a - +0 rapier
rCold   . . .      Faith    .    (no shield)
rNeg    . . .      Spirit   .    b - +0 leather armour
rPois   .          Reflect  .    (helmet restricted)
rElec   .          Rampage  .    (no cloak)
rCorr   .                        (no gloves)
Will    .....                    (no boots)
Stlth   +                        (no amulet)
HPRegen 0.26/turn                (no ring)
MPRegen 0.18/turn                (no ring)

@: confused, attractive
A: horns 1, ignite blood 1, magic regeneration
a: no special abilities


You were on level 3 of the Dungeon.
You visited 1 branch of the dungeon, and saw 3 of its levels.

You collected 174 gold pieces.

Inventory:

Hand Weapons
 a - a +0 rapier (weapon)
Missiles
 d - 4 throwing nets (quivered)
 e - a javelin
Armour
 b - a +0 leather armour (worn)
 c - a +1 helmet
 t - an orb of mayhem
Scrolls
 g - 3 scrolls of enchant weapon {unknown}
 l - a scroll of fog
 o - a scroll of immolation {unknown}
 p - a scroll of silence {unknown}
 r - a scroll of poison {unknown}
 s - a scroll of teleportation {unknown}
 u - 4 scrolls of identify {unknown}
Potions
 h - a potion of ambrosia {unknown}
 i - a potion of flight {unknown}
 j - a potion of mutation {unknown}
 k - a potion of lignification {unknown}
 m - a potion of heal wounds {unknown}
 n - a potion of invisibility {unknown}
 q - a potion of might {unknown}


   Skills:
 - Level 4.0 Fighting
 - Level 4.0 Short Blades
 - Level 1.7 Throwing
 + Level 2.7 Dodging


You had 3 spell levels left.
You didn't know any spells.
Your spell library contained the following spells:

 Spells                   Type           Power      Damage    Failure   Level
 Foxfire                  Conj/Fire      0%         2x1d4     45%         1
 Sublimation of Blood     Necr           0%         N/A       58%         2
 Wereblood                Tmut           0%         N/A       58%         2
 Fireball                 Conj/Fire      0%         3d3       100%        5
 Plasma Beam              Fire/Air       0%         2x1d11    100%        6
 Starburst                Conj/Fire      0%         6d3       100%        6
 Summon Hydra             Summ           0%         N/A       100%        7


Dungeon Overview and Level Annotations

Branches:
Dungeon (3/15)

Altars:
Cheibriados

Shops:
D:1 =


Innate Abilities, Weirdness & Mutations

You have a pair of small horns on your head.
Your demonic aura sometimes causes spilled blood to erupt in flames.
You regenerate magic rapidly.


Message History

You are too injured to fight recklessly!
You are too injured to fight recklessly!
You are too injured to fight recklessly!
You are too injured to fight recklessly!
You are too injured to fight recklessly!
You are too injured to fight recklessly!
You are too injured to fight recklessly!
You are too injured to fight recklessly!
You are too injured to fight recklessly!
You are too injured to fight recklessly!
You are too injured to fight recklessly!
You are too injured to fight recklessly!
You are too injured to fight recklessly!
You are too injured to fight recklessly!
Unknown command.
You hit the orc.
You kill the orc!
The bat hits you but does no damage. The orc barely misses you.
The orc wizard hits you with a +0 dagger.
You hit the orc but do no damage. Your headbutt misses the orc.
The bat hits you but does no damage. The orc closely misses you.
The orc wizard points at you and mumbles some strange words.
You are confused.
You're too confused to move!
The bat hits you but does no damage. The orc hits you with a +0 war axe.
* * * LOW HITPOINT WARNING * * *
The orc wizard hits you with a +0 dagger.
* * * LOW HITPOINT WARNING * * *
The bat closely misses you. The orc misses you.
The orc hits you with a +0 war axe.
* * * LOW HITPOINT WARNING * * *
The orc wizard gestures at you while chanting.
The puff of flame misses you.
The puff of flame misses the bat.
The bat closely misses you.
It was a potion of attraction.
You feel attractive to monsters. The bat closely misses you.
The orc hits you with a +0 war axe.
* * * LOW HITPOINT WARNING * * *
The orc wizard hits you with a +0 dagger.
You die...

.................
########.##.####
############.#......
#.........#......#..
#.........#..#......
######
#.........#.........
.....#
#........†..##...#.#
.#...##
#......)o.### ##.# #
...... #......b@o+
.# ..... #.........#
# ##### #.........#
#...# #..?......#
#.<.# #.........#
#...#
...............
#._.#
#.#.......).###
#...# # ###########
#####


You could see an orc wizard, an orc and a bat.

Vanquished Creatures
  4 adders (D:3)
  3 dart slugs
  3 orcs (D:3)
  10 bats
  6 endoplasms
  9 giant cockroaches
  7 goblins
  11 hobgoblins
  5 jackals (D:1)
  2 kobolds (D:2)
  A quokka (D:1)
  4 ball pythons
  4 frilled lizards
  5 rats
74 creatures vanquished.

Notes
Turn   | Place    | Note
-------+----------+-------------------------------------------
     0 | D:1      | Newt the Demonspawn Gladiator began the quest for the Orb.
     0 | D:1      | Reached XP level 1. HP: 16/16 MP: 1/1
    75 | D:1      | Gained mutation: Your demonic aura sometimes causes spilled
                  | blood to erupt in flames. [demonic ancestry]
    75 | D:1      | Reached XP level 2. HP: 22/23 MP: 2/2
   143 | D:1      | Found Wepladgh's Jewellery Shop.
   299 | D:1      | Gained mutation: You regenerate magic rapidly. [demonic
                  | ancestry]
   299 | D:1      | Reached XP level 3. HP: 29/29 MP: 3/3
  1228 | D:2      | Found a snail-covered altar of Cheibriados.
  1235 | D:2      | Gained mutation: You have a pair of small horns on your
                  | head. [demonic ancestry]
  1235 | D:2      | Reached XP level 4. HP: 36/37 MP: 4/4
  1779 | D:3      | Found a faded altar of an unknown god.
  2270 | D:3      | HP: 1/37 [orc/+0 war axe (3)]
  2270 | D:3      | Slain by an orc wizard

Illustrated notes

Levels and vault maps discovered:
D:1:      roderic_octagonal_star, layout_loops_ring, serial_shops,
          nicolae_shop_hallway_stairs, minmay_misc_feat_rows, minivault_27,
          st_stairs_6
D:2:      layout_basic, basic_altar, grunt_decor_cap
D:3:      layout_basic, nicolae_ecumenical_oubliette, uniq_crazy_yiuf_cottage

Skill      XL: |  1  2  3  4 |
---------------+-------------+-----
Fighting       | 3 4 |  4.0
Short Blades   | 3 4 |  4.0
Throwing       | |  1.7
Dodging        | |  2.7

Action                     |  1- 3 |  4- 6 || total
---------------------------+-------+-------++-------
  Melee: Rapier            |   176 |    91 ||   267
         Headbutt          |       |    14 ||    14
         Punch             |       |     2 ||     2
    Use: Scroll            |     5 |       ||     5
         Potion            |       |     1 ||     1
   Stab: Sleeping          |     5 |     1 ||     6
 Armour: Leather armour    |    52 |    20 ||    72
  Dodge: Dodged            |   115 |    81 ||   196

Table legend: (Time is in decaauts)
 A = Elapsed time spent in this place.
 B = Non-inter-level travel time spent in this place.
 C = Inter-level travel time spent in this place.
 D = Time resting spent in this place.
 E = Time spent auto-exploring this place.
 F = Levels seen in this place.
 G = Mean time per level.
                   A        B        C        D        E       F      G
               +--------+--------+--------+--------+--------+-----+--------+
         Total |   2284 |   2188 |     96 |      0 |   1574 |   3 |  761.3 |
       Dungeon |   2284 |   2188 |     96 |      0 |   1574 |   3 |  761.3 |
               +--------+--------+--------+--------+--------+-----+--------+

Top non-repeatable levels by time:
     D:1: 969 daAuts
     D:2: 885 daAuts
     D:3: 429 daAuts
